 Dungeon Crawl Stone Soup version 0.14-a0-3247-g5fd345f (webtiles) character file.

1046 4tharraofdagon the Ducker (level 7, -13/49 HPs)
             Began as a Felid Berserker on Mar 12, 2014.
             Was a Believer of Trog.
             Mangled by a hill giant
             ... wielding a +0,+0 giant spiked club
              (31 damage)
             ... on Level 10 of the Dungeon.
             The game lasted 00:09:14 (1495 turns).

4tharraofdagon the Ducker (Felid Berserker)         Turns: 1495, Time: 00:09:14

HP -13/49        AC  2     Str 20      XL: 7   Next: 79%
MP  12/12        EV 22     Int  8      God: Trog [**....]
Gold 147         SH  0     Dex 16      Spells:  0 memorised,  6 levels left
Lives: 0, deaths: 2

rFire  . . .     SeeInvis +       - Unarmed
rCold  . . .     Clarity  .     (armour unavailable)
rNeg   . . .     Conserve .     (shield unavailable)
rPois  .         rCorr    .     (helmet unavailable)
rElec  .         rRot     .     (cloak unavailable)
SustAb . .       Spirit   .     (gloves unavailable)
rMut   .         Warding  .     (boots unavailable)
Saprov . . .     Stasis   .     (no amulet)
MR     +....                    (no ring)
                                a - ring of sustenance

@: berserking, very quick, somewhat resistant to hostile enchantments, extremely
unstealthy
A: paw claws, no armour, no weapons or thrown items, fangs 3, see invisible,
carnivore 3, speed 1, shaggy fur 2, slow metabolism 1, jump 2
a: Jump Attack, Burn Spellbooks, Berserk, Trog's Hand, Renounce Religion


You were on level 10 of the Dungeon.
You worshipped Trog.
Trog was pleased with you.
You were not hungry.

You visited 1 branch of the dungeon, and saw 10 of its levels.

You collected 147 gold pieces.

Inventory:

Magical devices
 l - a wand of lightning (6)
Comestibles
 c - a meat ration
 h - a cheese
Scrolls
 b - 3 scrolls of vulnerability {unknown}
 e - 2 scrolls of random uselessness {unknown}
 f - 4 scrolls of remove curse
 j - 2 scrolls of enchant weapon II {unknown}
 k - a scroll of identify {unknown}
 n - a scroll of blinking {unknown}
 o - a scroll of enchant armour {unknown}
Jewellery
 a - a ring of sustenance (left paw)
Potions
 g - a potion of restore abilities
 i - a potion of agility {unknown}
 m - a potion of heal wounds {unknown}
Magical staves
 d - an uncursed staff of power {unknown}


   Skills:
 + Level 5.6 Fighting
 + Level 7.4 Dodging
 + Level 6.5 Stealth
 * Level 7.3 Unarmed Combat
 + Level 0.0 Evocations


You had 6 spell levels left.
You didn't know any spells.

Dungeon Overview and Level Annotations

Branches:
Dungeon (10/15)
 Temple: D:4-7          Orc: D:9-12        Lair: D:8-11

Altars:
Dithmenos
Kikubaaqudgha
Yredelemnul


Innate Abilities, Weirdness & Mutations

You cannot wear armour.
You are incapable of wielding weapons or throwing items.
Your paws have sharp claws.
You have razor-sharp teeth.
You have supernaturally acute eyesight.
You are carnivorous and can eat meat at any time.
You cover ground quickly.
You are covered in thick fur (AC +2).
You have a slow metabolism.
You can jump attack at a medium distance.


Message History

A hill giant comes into view. It is wielding a giant spiked club.
The hill giant shouts!
Use which ability? (? or * to list)
A red film seems to cover your vision as you go berserk!
You feel yourself moving faster!
You feel mighty!
You feel somewhat more hungry.
You claw the hill giant!
The hill giant begins to bleed from its wounds!
The hill giant is lightly wounded.
You claw the hill giant!
The hill giant is heavily wounded.
The hill giant hits you with a giant spiked club!
Ouch! That really hurt!
You scratch the hill giant.
The hill giant is heavily wounded.
You claw the hill giant!
The hill giant is severely wounded.
The hill giant hits you with a giant spiked club!
Ouch! That really hurt!
You die...

#####...#..........
##..#...###.........#
#.#........#.#<........
............>.........#
#.#.................##
#..#..##.#........##
#.......##..(.....##
#.........#.###..##
...........###..@.#
....##.#.(## #...C.# #
##.<.# #.#.[...#
##...#.........#
##.#.#....#....#
#....##.##.#.##
....##### ..## #.###
.## ###


You could see a hill giant (bleeding).

Vanquished Creatures
  The ghost of bmpenner the Carver, an experienced FoFi of Cheibriados (D:8)
  An orc warrior (D:6)
  An ice beast (D:8)
  2 ogres
  A centaur (D:5)
  A big kobold (D:8)
  2 giant frogs (D:6)
  A scorpion (D:5)
  2 hounds
  2 worker ants
  Jessica (D:2)
  A hound skeleton (D:4)
  4 adders
  A worm (D:8)
  8 orcs
  5 bats
  3 giant cockroaches
  A goblin (D:2)
  A hobgoblin (D:5)
  3 jackals (D:8)
  9 kobolds
  A giant gecko (D:1)
  A giant spore (D:8)
  A kobold skeleton (D:7)
  An orc skeleton (D:9)
  5 rats
  3 ballistomycetes (D:8)
63 creatures vanquished.

Vanquished Creatures (others)
  2 quokkas
2 creatures vanquished.

Grand Total: 65 creatures vanquished

Notes
Turn   | Place    | Note
--------------------------------------------------------------
     0 | D:1      | 4tharraofdagon, the Felid Berserker, began the quest for the Orb.
     0 | D:1      | Reached XP level 1. HP: 10/10 MP: 2/2
   101 | D:2      | Noticed Jessica
   103 | D:2      | Killed Jessica
   103 | D:2      | Reached skill level 1 in Stealth
   103 | D:2      | Reached XP level 2. HP: 9/14 MP: 3/3
   152 | D:2      | Found a basalt altar of Yredelemnul.
   153 | D:2      | Found a shadowy altar of Dithmenos.
   280 | D:4      | Reached XP level 3. HP: 10/17 MP: 5/5
   439 | D:5      | Entered Level 5 of the Dungeon
   465 | D:5      | Noticed a centaur
   484 | D:5      | Killed a centaur
   484 | D:5      | Reached XP level 4. HP: 22/22 MP: 7/7
   548 | D:5      | Reached XP level 5. HP: 21/25 MP: 8/8
   589 | D:4      | Found an ancient bone altar of Kikubaaqudgha.
   612 | D:5      | Noticed an ogre
   619 | D:5      | Killed an ogre
   619 | D:5      | Acquired Trog's second power
   619 | D:5      | Reached skill level 5 in Dodging
   643 | D:5      | Noticed a scorpion
   664 | D:5      | Killed a scorpion
   664 | D:5      | Gained mutation: You are covered in thick fur (AC +2). [growing up]
   664 | D:5      | Gained mutation: You can jump attack at a medium distance. [growing up]
   664 | D:5      | Reached XP level 6. HP: 28/28 MP: 10/10
   712 | D:6      | Reached skill level 5 in Unarmed Combat
   832 | D:6      | Reached skill level 6 in Dodging
   832 | D:6      | Reached XP level 7. HP: 6/33 MP: 12/12
  1007 | D:8      | Noticed bmpenner's ghost (experienced FoFi)
  1014 | D:8      | Reached skill level 5 in Stealth
  1052 | D:8      | HP: 1/29 [necrophage (5)]
  1052 | D:8      | Slain by a jackal
  1053 | D:8      | Reached XP level 6. HP: -2/25 MP: 10/10
  1086 | D:8      | Killed by an exploding giant spore... set off by themself
  1087 | D:8      | Reached XP level 5. HP: -1/25 MP: 8/8
  1228 | D:8      | Killed bmpenner's ghost
  1228 | D:8      | Reached skill level 5 in Fighting
  1228 | D:8      | Reached skill level 7 in Dodging
  1228 | D:8      | Reached XP level 6. HP: 20/30 MP: 10/10
  1228 | D:8      | Reached XP level 7. HP: 21/33 MP: 12/12
  1387 | D:10     | Entered Level 10 of the Dungeon
  1487 | D:10     | Noticed a hill giant
  1495 | D:10     | Mangled by a hill giant

Action                   |  1- 3 |  4- 6 |  7- 9 || total
-------------------------+-------+-------+-------++-------
Melee: Unarmed           |    34 |    70 |    81 ||   185
Invok: Berserk           |     5 |     5 |     3 ||    13
       Trog's Hand       |       |     3 |     5 ||     8
 Abil: Jump Attack       |       |     1 |       ||     1
Evoke: Wand              |       |     1 |       ||     1
  Use: Potion            |     2 |       |     3 ||     5
       Scroll            |     1 |       |       ||     1
 Stab: Sleeping          |     3 |     1 |     2 ||     6
       Invisible         |       |       |     4 ||     4
